Map: Dynasty LE

Players

Frogcute - Winner!

  • Race: Zerg Zerg
  • League: Diamond
  • Spawn Location: 1:00

VOD

Have the link to the VOD?

Description

Time

  • Played on: May 5, 2024, 7:32 a.m.
  • Length: 16:28
Show
View Real Time Build Order
Export as new Build Order

Frogcute Zerg - Winner!

Build Orders:  

Get SALT Encoding   

  12  0:02  Drone  
  13  0:12  Drone  
  14  0:22  Extractor  
  14  0:23  Drone  
  15  0:53  Hatchery  
  14  1:00  Extractor  
  14  1:06  Drone  
  15  1:10  Overlord  
  15  1:32  Spawning Pool  
  15  1:36  Drone  
  15  1:41  Drone  
  15  1:47  Drone  
  17  1:52  Drone  
  18  2:01  Extractor  
  18  2:07  Drone  
  18  2:21  Drone  
  19  2:38  Queen  
  19  2:39  Queen  
  23  2:41  Zergling x2  
  23  2:42  Zergling x2  
  25  2:52  Overlord  
  25  2:57  Drone  
  26  3:03  Drone  
  26  3:06  Drone  
  28  3:19  Drone  
  29  3:21  Drone  
  30  3:37  Queen  
  32  4:01  Hatchery  
  31  4:12  Drone x3  
  31  4:16  Overlord  
  34  4:21  Metabolic Boost  
  34  4:23  Drone x2  
  36  4:30  Overlord  
  36  4:43  Drone x4  
  36  4:45  Drone  
  36  4:49  Drone  
  42  4:50  Extractor  
  41  5:00  Baneling Nest, Drone  
  41  5:06  Drone x2  
  43  5:13  Queen  
  43  5:19  Overlord  
  45  5:24  Overlord  
  45  5:29  Zergling x4  
  47  5:31  Zergling x2  
  47  5:33  Zergling x2  
  49  5:48  Drone x3  
  52  5:56  Drone  
  52  5:57  Drone x3  
  56  6:00  Drone, Lair  
  56  6:02  Drone  
  58  6:13  Queen  
  58  6:17  Queen  
  62  6:20  Drone  
  62  6:22  Drone  
  62  6:25  Drone  
  62  6:27  Drone  
  66  6:31  Drone x2  
  66  6:33  Drone  
  66  6:37  Drone x2  
  66  6:39  Drone  
  72  6:50  Overlord x2  
  72  6:57  Drone x2  
  72  6:59  Overlord  
  74  7:21  Centrifugal Hooks  
  74  7:33  Drone x2  
  74  7:34  Evolution Chamber  
  74  7:35  Evolution Chamber  
  74  7:39  Drone x2  
  76  7:40  Extractor, Drone  
  76  7:44  Hatchery  
  76  7:47  Drone x2  
  77  7:50  Zergling x2  
  77  7:51  Zergling x18  
  87  8:11  Hatchery  
  87  8:16  Zerg Melee Weapons Level 1  
  87  8:17  Zerg Ground Armor Level 1  
  86  8:21  Hatchery  
  86  8:27  Queen  
  86  8:28  Queen  
  89  8:31  Overlord x2  
  89  8:32  Overlord  
  89  8:39  Zergling x14  
  96  8:43  Baneling  
  96  8:44  Baneling x6  
  96  8:59  Drone  
  97  9:00  Drone x9  
  106  9:20  Zergling x10  
  111  9:44  Overlord x3  
  111  9:45  Zergling x16  
  119  9:59  Zergling x2  
  120  10:00  Zergling x12  
  120  10:05  Evolution Chamber  
  125  10:10  Drone x2  
  125  10:12  Zergling x18  
  125  10:16  Baneling  
  125  10:17  Baneling x16  
  125  10:18  Baneling x5  
  136  10:34  Zergling x2  
  136  10:35  Zergling x18  
  146  10:50  Drone  
  146  10:52  Drone x2  
  146  10:53  Drone x5  
  146  10:54  Overlord  
  146  10:55  Overlord x2  
  154  11:06  Infestation Pit  
  154  11:07  Spore Crawler  
  154  11:08  Spine Crawler  
  151  11:10  Spine Crawler  
  151  11:13  Overlord  
  151  11:14  Overlord x3  
  151  11:15  Zergling x8  
  151  11:16  Zergling x6  
  151  11:17  Overseer  
  157  11:23  Overseer  
  157  11:28  Zerg Melee Weapons Level 2, Zerg Ground Armor Level 2  
  157  11:36  Drone x3  
  157  11:37  Drone x2  
  157  11:39  Zergling x20  
  172  12:24  Zergling x22  
  172  12:25  Zergling x26  
  196  12:32  Drone  
  196  12:33  Extractor x2  
  196  12:35  Drone  
  196  12:36  Drone  
  197  12:42  Drone x2  
  197  12:43  Drone  
  200  13:07  Hive  
  198  13:34  Zergling x20  
  198  13:35  Zergling x10  
  198  13:39  Baneling x6  
  83  13:40  Baneling x17  
  196  13:42  Zergling x20  
  196  13:43  Zergling x2  
  196  13:47  Zergling x12  
  196  13:48  Zergling x2  
  186  14:02  Zergling x14  
  186  14:03  Zergling x12  
  186  14:08  Unknown  
  186  14:24  Hatchery  
  184  14:38  Hatchery  
  183  14:51  Zergling x22  
  183  14:52  Zergling x10  
  192  15:24  Zergling x16  
  190  15:56  Zergling x2  
  190  15:57  Zergling x32  
  190  15:59  Baneling  
  199  16:00  Baneling x15  
Tags
 
League
Diamond
Matchup
Co-op
Add a new tag
Caveats
  • Supply blocks, unpowered buildings, or Contaminate may cause inaccurate times.
  • Supply counts are checked every 10 seconds.